AAA
FLAGSTAFF FLYERS @ BAKERSFIELD CANNONS
07/28/2059
 
TOP OF THE 1ST
Flagstaff Flyers batting - Pitching for Bakersfield Cannons : RHP Benjamin Narvaez
Pitching: RHP Benjamin Narvaez
Batting: SHB Josiah Swallow 0-0: Foul Ball, location: 2F
0-1: Ball
1-1: Called Strike
1-2: Foul Ball, location: 2F
1-2: Ground out 6-3 (Groundball, 6, EV 87.5 MPH)
Batting: LHB Shawn Tuttle 0-0: Foul Ball, location: 2F
0-1: Foul Ball, location: 2F
0-2: Foul Ball, location: 2F
0-2: SINGLE (Groundball, P, EV 89.4 MPH) (infield hit)
Batting: SHB Joel Elvidge 0-0: Called Strike
Shawn Tuttle is caught stealing 2nd base 2-6
0-1: Ball
1-1: Foul Ball, location: 2F
1-2: Ball
2-2: Foul Ball, location: 2F
2-2: Ball
3-2: Strikes out swinging
Top of the 1st over - 0 runs, 1 hit, 0 errors, 0 left on base; Flagstaff 0 - Bakersfield 0
BOTTOM OF THE 1ST
Bakersfield Cannons batting - Pitching for Flagstaff Flyers : RHP Carlo Sanford
Pitching: RHP Carlo Sanford
Batting: RHB Colby Hullinger 0-0: Called Strike
0-1: Called Strike
0-2: Ball
1-2: Foul Ball, location: 2F
1-2: Ball
2-2: Ball
3-2: Foul Ball, location: 2F
3-2: Fly out, F8 (Flyball, 8LM, EV 96.9 MPH)
Batting: RHB Kaileb Romero 0-0: Foul Ball, location: 2F
0-1: Ball
1-1: SINGLE (Groundball, 4M, EV 96.2 MPH)
Batting: RHB Adan Natoli 0-0: Swinging Strike
0-1: Ball
1-1: Swinging Strike
1-2: Foul Ball, location: 2F
1-2: Strikes out swinging
Batting: LHB Keon Kakazai 0-0: Called Strike
0-1: Ball
1-1: Foul Ball, location: 2F
1-2: Foul Ball, location: 2F
1-2: Ball
2-2: SINGLE (Groundball, 4MD, EV 103.8 MPH)
Kaileb Romero to second
Batting: RHB Jake Christensen 0-0: Ball
1-0: Ball
2-0: Called Strike
2-1: Called Strike
2-2: Ball
3-2: Base on Balls
Kaileb Romero to third
Keon Kakazai to second
Batting: LHB Britt Moore 0-0: Ball
1-0: Ground out 4-3 (Groundball, 4, EV 84.4 MPH)
Bottom of the 1st over - 0 runs, 2 hits, 0 errors, 3 left on base; Flagstaff 0 - Bakersfield 0
TOP OF THE 2ND
Flagstaff Flyers batting - Pitching for Bakersfield Cannons : RHP Benjamin Narvaez
Batting: LHB Preston Hardcastle 0-0: Ball
1-0: Ball
2-0: Ball
3-0: Base on Balls
Batting: LHB Vinnie Ballew 0-0: Called Strike
Preston Hardcastle steals 2nd base
0-1: Ground out 5-3 (Groundball, 5, EV 81.2 MPH)
Batting: RHB Cliff Passarelli 0-0: Foul Ball, location: 2F
0-1: Ball
1-1: Ball
2-1: Fly out, F8 (Flyball, 78M, EV 89.4 MPH)
Batting: RHB Tom Matson 0-0: Ball
1-0: Ball
2-0: Ball
3-0: Base on Balls
Batting: RHB August Heaton 0-0: Called Strike
0-1: Ball
1-1: Called Strike
1-2: Foul Ball, location: 2F
1-2: Fielders Choice at 2nd, 6-4 (Groundball, 6, EV 86.9 MPH)
Top of the 2nd over - 0 runs, 0 hits, 0 errors, 2 left on base; Flagstaff 0 - Bakersfield 0
BOTTOM OF THE 2ND
Bakersfield Cannons batting - Pitching for Flagstaff Flyers : RHP Carlo Sanford
Batting: LHB Carlton Carreon 0-0: Ground out 5-3 (Groundball, 56, EV 90.0 MPH)
Batting: RHB Nelson Dimas 0-0: Ball
1-0: Ball
2-0: SINGLE (Line Drive, 9S, EV 110.6 MPH)
Batting: RHB Langdon Bushey 0-0: Ball
1-0: Swinging Strike
1-1: Foul Ball, location: 2F
1-2: Ball
2-2: SINGLE (Line Drive, 8LS, EV 106.2 MPH)
Nelson Dimas to second
Batting: RHB Colby Hullinger 0-0: Called Strike
0-1: Foul Ball, location: 2F
0-2: Ball
1-2: Ball
2-2: Ball
3-2: Fly out, F7 (Flyball, 78XD, EV 101.2 MPH)
Runner from 2nd tags up, SAFE at 3rd, no throw by LF
Batting: RHB Kaileb Romero 0-0: Foul Ball, location: 2F
0-1: Ball
1-1: Called Strike
1-2: Fly out, F8 (Flyball, 8RD, EV 82.5 MPH)
Bottom of the 2nd over - 0 runs, 2 hits, 0 errors, 2 left on base; Flagstaff 0 - Bakersfield 0
TOP OF THE 3RD
Flagstaff Flyers batting - Pitching for Bakersfield Cannons : RHP Benjamin Narvaez
Batting: RHB Cooper Shoulders 0-0: Called Strike
0-1: Foul Ball, location: 2F
0-2: Ball
1-2: Ground out 6-3 (Groundball, 6, EV 92.5 MPH)
Batting: SHB Josiah Swallow 0-0: Called Strike
0-1: Ground out 4-3 (Groundball, 4, EV 110.0 MPH)
Batting: LHB Shawn Tuttle 0-0: Ball
1-0: Ball
2-0: SINGLE (Line Drive, 6D, EV 100.0 MPH)
Batting: SHB Joel Elvidge 0-0: Ball
Shawn Tuttle steals 2nd base
1-0: Foul Ball, location: 2F
1-1: SINGLE (Line Drive, 8RS, EV 100.0 MPH)
Shawn Tuttle to third
Runner from 3rd tries for Home, SAFE, throw by RF to home
Batting: LHB Preston Hardcastle 0-0: Ball
1-0: Ball
2-0: Called Strike
Joel Elvidge steals 2nd base
2-1: Called Strike
2-2: Foul Ball, location: 2F
2-2: Strikes out swinging
Top of the 3rd over - 1 run, 2 hits, 0 errors, 1 left on base; Flagstaff 1 - Bakersfield 0
BOTTOM OF THE 3RD
Bakersfield Cannons batting - Pitching for Flagstaff Flyers : RHP Carlo Sanford
Batting: RHB Adan Natoli 0-0: Ball
1-0: Called Strike
1-1: Ball
2-1: Foul Ball, location: 2F
2-2: Foul Ball, location: 2F
2-2: Ball
3-2: SINGLE (Groundball, 34D, EV 103.8 MPH)
Batting: LHB Keon Kakazai 0-0: Ball
1-0: Ball
2-0: Foul Ball, location: 2F
2-1: SINGLE (Line Drive, 7S, EV 98.8 MPH)
Adan Natoli to second
Batting: RHB Jake Christensen 0-0: Ball
1-0: Ball
2-0: Ball
3-0: Foul Ball, location: 2F
3-1: Base on Balls
Adan Natoli to third
Keon Kakazai to second
Batting: LHB Britt Moore 0-0: Called Strike
0-1: Ball
1-1: Foul Ball, location: 2F
1-2: Ball
2-2: SINGLE (Groundball, 4MD, EV 104.4 MPH)
Adan Natoli scores
Keon Kakazai to third
Jake Christensen to second
Batting: LHB Carlton Carreon 0-0: Ball
1-0: Foul Ball, location: 2F
1-1: SINGLE (Groundball, 34, EV 104.4 MPH)
Keon Kakazai scores
Jake Christensen to third
Britt Moore to second
Batting: RHB Nelson Dimas 0-0: Foul Ball, location: 2F
0-1: Ball
1-1: Ball
2-1: Grounds into fielders choice 6-2 (Groundball, 6S, EV 78.1 MPH)
Britt Moore to third
Carlton Carreon to second
Batting: RHB Langdon Bushey 0-0: Called Strike
0-1: Foul Ball, location: 2F
0-2: Strikes out swinging
Batting: RHB Colby Hullinger 0-0: Called Strike
0-1: Foul Ball, location: 2F
0-2: Ball
1-2: Ball
2-2: Ball
3-2: Base on Balls
Britt Moore scores
Carlton Carreon to third
Nelson Dimas to second
Batting: RHB Kaileb Romero 0-0: Ball
1-0: Ball
2-0: Fielders Choice at 2nd, 6-4 (Groundball, 6, EV 110.0 MPH)
Bottom of the 3rd over - 3 runs, 4 hits, 0 errors, 3 left on base; Flagstaff 1 - Bakersfield 3
TOP OF THE 4TH
Flagstaff Flyers batting - Pitching for Bakersfield Cannons : RHP Benjamin Narvaez
Batting: LHB Vinnie Ballew 0-0: Ball
1-0: Ball
2-0: Ball
3-0: Called Strike
3-1: Swinging Strike
3-2: Strikes out swinging
Batting: RHB Cliff Passarelli 0-0: Ball
1-0: Ground out 5-3 (Groundball, 56S, EV 88.1 MPH)
Batting: RHB Tom Matson 0-0: Ball
1-0: Called Strike
1-1: Ball
2-1: Swinging Strike
2-2: Strikes out swinging
Top of the 4th over - 0 runs, 0 hits, 0 errors, 0 left on base; Flagstaff 1 - Bakersfield 3
BOTTOM OF THE 4TH
Bakersfield Cannons batting - Pitching for Flagstaff Flyers : RHP Carlo Sanford
Batting: RHB Adan Natoli 0-0: Swinging Strike
0-1: Ball
1-1: Foul Ball, location: 2F
1-2: Strikes out swinging
Pitching: RHP Bryan Naum
Batting: LHB Keon Kakazai 0-0: Swinging Strike
0-1: Ball
1-1: Foul Ball, location: 2F
1-2: Ball
2-2: Foul Ball, location: 2F
2-2: TRIPLE (Flyball, 89XD, EV 93.1 MPH)
Batting: RHB Jake Christensen 0-0: Swinging Strike
0-1: Swinging Strike
0-2: Strikes out swinging
Batting: LHB Britt Moore 0-0: SINGLE (Flyball, 89S, EV 98.8 MPH)
Keon Kakazai scores
Batting: LHB Carlton Carreon 0-0: Called Strike
0-1: Ball
1-1: SINGLE (Line Drive, 34D, EV 96.2 MPH)
Britt Moore to second
Batting: RHB Nelson Dimas 0-0: Ball
1-0: Called Strike
1-1: Called Strike
1-2: Ball
2-2: DOUBLE (Flyball, 9D, EV 101.2 MPH)
Britt Moore scores
Carlton Carreon to third
Runner from 3rd tries for Home, SAFE, throw by RF to home
Pitching: RHP Bailey Feder
Batting: RHB Langdon Bushey 0-0: Ground out 4-3 (Groundball, 34, EV 98.1 MPH)
Bottom of the 4th over - 3 runs, 4 hits, 0 errors, 1 left on base; Flagstaff 1 - Bakersfield 6
TOP OF THE 5TH
Flagstaff Flyers batting - Pitching for Bakersfield Cannons : RHP Benjamin Narvaez
Batting: RHB August Heaton 0-0: Ball
1-0: Foul Ball, location: 2F
1-1: Ball
2-1: Ball
3-1: Fly out, F8 (Line Drive, 8LD, EV 100.0 MPH)
Batting: RHB Cooper Shoulders 0-0: Foul Ball, location: 2F
0-1: Ball
1-1: Fly out, F4 (Popup, 4, EV 66.9 MPH)
Batting: SHB Josiah Swallow 0-0: Foul Ball, location: 2F
0-1: Foul Ball, location: 2F
0-2: Strikes out swinging
Top of the 5th over - 0 runs, 0 hits, 0 errors, 0 left on base; Flagstaff 1 - Bakersfield 6
BOTTOM OF THE 5TH
Bakersfield Cannons batting - Pitching for Flagstaff Flyers : RHP Bailey Feder
Batting: RHB Colby Hullinger 0-0: Ball
1-0: Fly out, F8 (Line Drive, 8LD, EV 105.0 MPH)
Batting: RHB Kaileb Romero 0-0: Ball
1-0: Ball
2-0: Foul Ball, location: 2F
2-1: Foul Ball, location: 2F
2-2: Fly out, F9 (Flyball, 9S, EV 92.5 MPH)
Batting: RHB Adan Natoli 0-0: Ball
1-0: Ball
2-0: Called Strike
2-1: Foul Ball, location: 2F
2-2: SOLO HOME RUN (Line Drive, 9D, EV 109.4 MPH), Distance : 405 ft
Batting: LHB Keon Kakazai 0-0: Ball
1-0: Foul Ball, location: 2F
1-1: SINGLE (Line Drive, 8LS, EV 109.4 MPH)
Batting: RHB Jake Christensen 0-0: Ball
1-0: Ground out 5-3 (Groundball, 56S, EV 89.4 MPH)
Bottom of the 5th over - 1 run, 2 hits, 0 errors, 1 left on base; Flagstaff 1 - Bakersfield 7
TOP OF THE 6TH
Flagstaff Flyers batting - Pitching for Bakersfield Cannons : RHP Benjamin Narvaez
Batting: LHB Shawn Tuttle 0-0: Ground out 6-3 (Groundball, 6, EV 83.1 MPH)
Batting: SHB Joel Elvidge 0-0: Called Strike
0-1: Ball
1-1: Called Strike
1-2: Ball
2-2: Ball
3-2: Foul Ball, location: 2F
3-2: Foul Ball, location: 2F
3-2: Strikes out looking
Pitching: RHP Graham Hunter
Batting: LHB Preston Hardcastle 0-0: Called Strike
0-1: SINGLE (Line Drive, 7LS, EV 85.6 MPH)
Batting: LHB Vinnie Ballew 0-0: Ball
Pickoff Throw to First - Error! E1
Preston Hardcastle to second
1-0: Foul Ball, location: 2F
1-1: Ball
2-1: Ball
3-1: SINGLE (Popup, 3D, EV 70.0 MPH)
Preston Hardcastle to third
Runner from 3rd tries for Home, SAFE, throw by 2B to home
Batting: RHB Cliff Passarelli 0-0: Called Strike
0-1: Foul Ball, location: 2F
0-2: Ball
1-2: Strikes out looking
Top of the 6th over - 1 run, 2 hits, 1 error, 1 left on base; Flagstaff 2 - Bakersfield 7
BOTTOM OF THE 6TH
Bakersfield Cannons batting - Pitching for Flagstaff Flyers : RHP Bailey Feder
Batting: LHB Britt Moore 0-0: Ball
1-0: Foul Ball, location: 2F
1-1: Ball
2-1: Ball
3-1: Called Strike
3-2: Foul Ball, location: 2F
3-2: Base on Balls
Batting: LHB Carlton Carreon 0-0: Ball
1-0: Called Strike
1-1: Ball
2-1: SINGLE (Line Drive, 56, EV 104.4 MPH)
Britt Moore to second
Batting: RHB Nelson Dimas 0-0: Ball
1-0: Bunted foul
1-1: Bunt missed!
1-2: Foul Ball, location: 2F
1-2: Ball
2-2: Fielders Choice at 2nd, 4-6 (Groundball, 34, EV 77.5 MPH)
Britt Moore to third
Batting: RHB Langdon Bushey 0-0: Swinging Strike
0-1: Fielders Choice at 2nd, 6-4 (Groundball, 6, EV 87.5 MPH)
Britt Moore scores
Batting: RHB Colby Hullinger 0-0: Ball
Langdon Bushey steals 2nd base
1-0: Ball
2-0: Ball
3-0: Base on Balls
Batting: RHB Kaileb Romero 0-0: Foul Ball, location: 2F
0-1: Foul Ball, location: 2F
0-2: Foul Ball, location: 2F
0-2: Fly out, F7 (Flyball, 78M, EV 89.4 MPH)
Bottom of the 6th over - 1 run, 1 hit, 0 errors, 2 left on base; Flagstaff 2 - Bakersfield 8
TOP OF THE 7TH
Flagstaff Flyers batting - Pitching for Bakersfield Cannons : RHP Graham Hunter
Batting: RHB Tom Matson 0-0: Ball
1-0: Fly out, F9 (Flyball, 9, EV 88.8 MPH)
Batting: RHB August Heaton 0-0: Ball
1-0: Ball
2-0: Called Strike
2-1: Swinging Strike
2-2: Ball
3-2: SINGLE (Flyball, 89S, EV 92.5 MPH)
Batting: RHB Cooper Shoulders 0-0: Grounds into double play, 1-6-3 (Groundball, 34S, EV 72.5 MPH)
Top of the 7th over - 0 runs, 1 hit, 0 errors, 0 left on base; Flagstaff 2 - Bakersfield 8
BOTTOM OF THE 7TH
Bakersfield Cannons batting - Pitching for Flagstaff Flyers : RHP Bailey Feder
Batting: RHB Adan Natoli 0-0: Called Strike
0-1: Fly out, F2 (Popup, 2R, EV 96.9 MPH)
Batting: LHB Keon Kakazai 0-0: Called Strike
0-1: Ground out 3-1 (Groundball, 34S, EV 78.1 MPH)
Batting: RHB Jake Christensen 0-0: Called Strike
0-1: Swinging Strike
0-2: SINGLE (Groundball, 56D, EV 96.2 MPH)
Pitching: LHP Da'Shonte Ruvelas
Batting: LHB Britt Moore 0-0: Ball
1-0: Foul Ball, location: 2F
1-1: SINGLE (Groundball, 56D, EV 110.6 MPH)
Jake Christensen to second
Batting: LHB Carlton Carreon 0-0: Foul Ball, location: 2F
0-1: Foul Ball, location: 2F
0-2: Ball
1-2: Ball
2-2: Strikes out swinging
Bottom of the 7th over - 0 runs, 2 hits, 0 errors, 2 left on base; Flagstaff 2 - Bakersfield 8
TOP OF THE 8TH
Flagstaff Flyers batting - Pitching for Bakersfield Cannons : RHP Graham Hunter
Batting: SHB Josiah Swallow 0-0: Ball
1-0: Called Strike
1-1: Called Strike
1-2: Strikes out swinging
Batting: LHB Shawn Tuttle 0-0: Swinging Strike
0-1: SOLO HOME RUN (Flyball, 9D, EV 104.4 MPH), Distance : 398 ft
Batting: SHB Joel Elvidge 0-0: Called Strike
0-1: Called Strike
0-2: Hit by Pitch
Pitching: LHP Dalton Robbins
Batting: LHB Preston Hardcastle 0-0: Ball
1-0: Swinging Strike
1-1: Ball
2-1: Swinging Strike
2-2: Foul Ball, location: 2F
2-2: Foul Ball, location: 2F
2-2: Ball
3-2: Foul Ball, location: 2F
3-2: Fly out, F7 (Line Drive, 7D, EV 88.1 MPH)
Batting: LHB Vinnie Ballew 0-0: Fly out, F8 (Flyball, 8RXD, EV 85.0 MPH)
Top of the 8th over - 1 run, 1 hit, 0 errors, 1 left on base; Flagstaff 3 - Bakersfield 8
BOTTOM OF THE 8TH
Bakersfield Cannons batting - Pitching for Flagstaff Flyers : LHP Da'Shonte Ruvelas
Batting: RHB Nelson Dimas 0-0: Swinging Strike
0-1: Ball
1-1: Ball
2-1: SINGLE (Groundball, 56S, EV 71.2 MPH) (infield hit)
Batting: RHB Langdon Bushey 0-0: Called Strike
Nelson Dimas steals 2nd base
0-1: Called Strike
0-2: Ball
1-2: Strikes out swinging, 2-3 out at first.
Batting: RHB Colby Hullinger 0-0: Ball
Nelson Dimas steals 3rd base
1-0: Ball
2-0: Called Strike
2-1: Ball
3-1: Base on Balls
Batting: RHB Kaileb Romero 0-0: Ball
1-0: Ball
2-0: Ball
3-0: Foul Ball, location: 2F
3-1: Base on Balls
Colby Hullinger to second
Pitching: LHP Jesse Easterling
Batting: RHB Adan Natoli 0-0: Ball
1-0: Swinging Strike
1-1: Ball
2-1: SINGLE (Groundball, 5, EV 102.5 MPH)
Nelson Dimas scores
Colby Hullinger to third
Kaileb Romero to second
Runner from 3rd tries for Home, SAFE, throw by LF to home
Batting: LHB Keon Kakazai 0-0: Grounds into double play, 6-4-3 (Groundball, 6, EV 78.1 MPH)
Bottom of the 8th over - 2 runs, 2 hits, 0 errors, 1 left on base; Flagstaff 3 - Bakersfield 10
TOP OF THE 9TH
Flagstaff Flyers batting - Pitching for Bakersfield Cannons : LHP Dalton Robbins
Batting: RHB Cliff Passarelli 0-0: Called Strike
0-1: Swinging Strike
0-2: Ball
1-2: Strikes out swinging
Batting: RHB Tom Matson 0-0: Swinging Strike
0-1: Foul Ball, location: 2F
0-2: SOLO HOME RUN (Flyball, 9D, EV 99.4 MPH), Distance : 393 ft
Batting: RHB August Heaton 0-0: Ball
1-0: Called Strike
1-1: Swinging Strike
1-2: Strikes out looking
Batting: RHB Cooper Shoulders 0-0: Ball
1-0: Fly out, F6 (Line Drive, 56D, EV 71.2 MPH)
Top of the 9th over - 1 run, 1 hit, 0 errors, 0 left on base; Flagstaff 4 - Bakersfield 10
Tuesday, March 19th , 2024 - OOTP Baseball 23.10 Build 110